 Dungeon Crawl Stone Soup version 0.25-a0-62-g88673ef095 (webtiles) character file.

Game seed: 14516856355722544034, levelgen mode: deterministic

1313 Gargoyl the Ducker (level 8, -5/67 HPs)
             Began as a Black Draconian Abyssal Knight on Oct 30, 2019.
             Was a Priest of Lugonu.
             Killed themself with a bounced orb of electricity (8 damage)
             ... on level 5 of the Dungeon.
             The game lasted 00:11:44 (6477 turns).

Gargoyl the Ducker (Black Draconian Abyssal Knight) Turns: 6477, Time: 00:11:45

Health: -5/67      AC:  8    Str: 20      XL:     8   Next: 32%
Magic:  11/11      EV: 12    Int: 12      God:    Lugonu [***...]
Gold:   199        SH:  3    Dex:  5 (11) Spells: 7/7 levels left

rFire    . . .     SeeInvis .   r - -3 war axe (curse)
rCold    . . .     Gourm    .   f - +0 buckler
rNeg     . . .     Faith    .   (armour unavailable)
rPois    .         Spirit   .   (helmet restricted)
rElec    +         Reflect  .   (no cloak)
rCorr    .         Harm     .   (no gloves)
MR       .....                  c - +1 pair of boots
Stlth    ..........             (no amulet)
HPRegen  0.21/turn              d - +3 ring of strength
MPRegen  0.12/turn              p - ring of attention (curse)

@: no status effects
A: breathe lightning, unfitting armour, electricity resistance, cold-blooded, AC
+6
a: Breathe Lightning, Depart the Abyss, Bend Space, Banish, Renounce Religion


You were on level 5 of the Dungeon.
You worshipped Lugonu.
Lugonu was most pleased with you.
You were not hungry.

You visited 1 branch of the dungeon, and saw 5 of its levels.
You visited the Abyss 1 time.

You collected 199 gold pieces.

Inventory:

Hand Weapons
 a - a +4 hand axe
 r - a cursed -3 war axe (weapon)
Missiles
 t - 8 boomerangs (quivered)
Armour
 c - a +1 pair of boots (worn)
 f - a +0 buckler (worn)
Jewellery
 d - a +3 ring of strength (left hand)
 e - an uncursed ring of see invisible {unknown}
 p - a cursed ring of attention (right hand)
 w - an uncursed ring of wizardry {unknown}
Wands
 g - a wand of random effects (14)
 n - a wand of paralysis (4)
Scrolls
 m - 2 scrolls of identify
 o - a scroll of fear
 s - a scroll of blinking
Potions
 h - 2 potions of degeneration
 i - a potion of lignification {unknown}
 j - 2 potions of magic
 k - 2 potions of curing
 l - a potion of flight
Comestibles
 b - 5 rations


   Skills:
 + Level 4.8 Fighting
 + Level 5.8 Axes
 + Level 0.7 Throwing
 * Level 6.0 Dodging
 + Level 0.8 Stealth
 + Level 1.8 Shields
 * Level 4.3 Invocations
 + Level 1.1 Evocations


You had 7 spell levels left.
You didn't know any spells.
Your spell library contained the following spells:

 Spells                   Type           Power        Failure   Level  Hunger
 Corona                   Hex            #......      41%         1    ##.....
 Ensorcelled Hibernation  Hex/Ice        #.....       54%         2    ###....
 Confuse                  Hex            #.......     78%         3    ####...
 Dazzling Spray           Conj/Hex       #.....       78%         3    ####...
 Tukima's Dance           Hex            #.......     78%         3    ####...


Dungeon Overview and Level Annotations

Branches:
Dungeon (5/15)
 Temple: D:4-7

Altars:
Cheibriados
Okawaru
Ru
The Shining One

Shops:
D:4 *

Annotations:
D:5 Pikel
Abyss:1 Blork the orc


Innate Abilities, Weirdness & Mutations

You can breathe wild blasts of lightning.
Your glossy black scales are hard. (AC +6)
You cannot fit into any form of body armour.
You are resistant to electric shocks. (rElec)
You are cold-blooded and may be slowed by cold attacks.


Message History

The ogre is almost dead.
The ogre hits you with a +0 giant club.
You barely miss the ogre. You tail-slap the ogre.
The ogre is almost dead.
The ogre hits you with a +0 giant club!!
* * * LOW HITPOINT WARNING * * *
You have got your breath back.
You breathe a wild blast of lightning!
You hear a mighty clap of thunder!
The orb of electricity explodes!
The orb of electricity engulfs you. You resist.
* * * LOW HITPOINT WARNING * * *
The orb of electricity engulfs the ogre.
You kill the ogre!
Lugonu accepts your kill.
You feel your dexterity returning.
Your Dodging skill increases to level 6!
The orb of electricity explodes!
The orb of electricity engulfs you! You resist.
You die...

#.#................##.##.....
#.#.........#######..........
#.########.#..≈≈≈..#.#...###'
#####.# ##.#..≈...≈..#..(..##.
...##.# #.#...≈._.≈...#....###
....#'#######.#..≈...≈..#...#.#
#
.............#.#..≈≈≈..#.####.#
#
.............#.)#######.......#
.............#.#@.............#
.............#O#..............#
#####...######.##'#####.......#
#........#.##.# #######.#
#........#.##.# #.#
#.##.....#.##.# #.#
#.##.....#.##.# .#
#.##.....#..#.# #........##.#.#


There were no monsters in sight!

Vanquished Creatures
  Sigmund (D:3)
  A sky beast (D:5)
  A slave (D:5)
  A phantom (D:4)
  An ogre (D:5)
  A scorpion (D:4)
  A jelly (D:5)
  A quasit (D:5)
  4 orc priests
  10 orc wizards
  An iguana (D:5)
  3 worker ants
  A howler monkey zombie (D:5)
  8 adders
  An ooze (D:1)
  2 adder skeletons
  3 worms
  3 dart slugs
  6 leopard geckos
  22 orcs
  7 giant cockroaches
  5 goblins
  11 hobgoblins
  7 jackals
  2 quokkas
  A ball python skeleton (D:4)
  5 bats
  4 frilled lizards
  2 goblin zombies (D:5)
  3 hobgoblin zombies (D:5)
  9 kobolds
  2 orc skeletons (D:5)
  An orc zombie (D:5)
  7 rats
138 creatures vanquished.

Vanquished Creatures (others)
  An orc priest (D:4)
  An orc wizard (D:4)
  An orc (D:4)
3 creatures vanquished.

Grand Total: 141 creatures vanquished

Notes
Turn   | Place    | Note
-------+----------+-------------------------------------------
     0 | Abyss:1  | Gargoyl the Draconian Abyssal Knight began the quest for
                  | the Orb.
     0 | Abyss:1  | Reached XP level 1. HP: 19/19 MP: 2/2
    44 | Abyss:1  | Noticed a large abomination
    71 | Abyss:1  | Noticed a small abomination
    80 | D:1      | Escaped the Abyss
    98 | D:1      | Reached * piety under Lugonu
   117 | D:1      | Reached XP level 2. HP: 24/26 MP: 3/3
   600 | D:1      | Reached XP level 3. HP: 32/33 MP: 4/4
  1267 | D:2      | Reached skill level 3 in Dodging
  1572 | D:2      | Reached XP level 4. HP: 36/40 MP: 5/5
  1894 | D:3      | Reached ** piety under Lugonu
  2050 | D:3      | Reached XP level 5. HP: 43/46 MP: 6/6
  2333 | D:3      | Found a snail-covered altar of Cheibriados.
  2905 | D:3      | Noticed Sigmund
  2921 | D:3      | Killed Sigmund
  2921 | D:3      | Reached skill level 1 in Shields
  2921 | D:3      | Reached XP level 6. HP: 37/52 MP: 6/8
  3112 | D:4      | Reached skill level 4 in Dodging
  3331 | D:4      | Your scales start taking on a glossy black colour.
  3331 | D:4      | Reached XP level 7. HP: 18/60 MP: 9/9
  3331 | D:4      | Gained mutation: You are resistant to electric shocks.
                  | (rElec) [Black Draconian growth]
  3654 | D:4      | Reached skill level 5 in Axes
  3705 | D:4      | Found Wucritedu's Elemental Accessories.
  3951 | D:4      | Found an iron altar of Okawaru.
  4146 | D:5      | Entered Level 5 of the Dungeon
  4157 | D:5      | Reached *** piety under Lugonu
  4159 | D:5      | Found a glowing golden altar of the Shining One.
  4189 | D:5      | Noticed Blork the orc
  4199 | D:5      | Lost dexterity.
  4342 | D:4      | Banished Blork the orc
  4498 | D:4      | Reached skill level 5 in Dodging
  5057 | D:4      | Reached skill level 1 in Evocations
  5308 | D:4      | Reached XP level 8. HP: 48/67 MP: 10/10
  6213 | D:5      | Found a sacrificial altar of Ru.
  6250 | D:5      | Found a sacrificial altar of Ru.
  6372 | D:5      | Noticed Pikel
  6477 | D:5      | HP: 3/67 [shot self (5)]
  6477 | D:5      | Reached skill level 6 in Dodging
  6477 | D:5      | Killed themself with a bounced orb of electricity

Levels and vault maps discovered:
D:1:      minmay_arrival_five_plusses, layout_loops_corners, minmay_tetromino_o4
D:2:      layout_rooms
D:3:      layout_basic, lemuel_round_altar, uniq_sigmund
D:4:      layout_basic, kennysheep_mini_moat, nicolae_elemental_shop
D:5:      layout_basic, nicolae_tso_besieged_by_evil, bloody_makhleb,
          basic_altar, first_ration, grunt_decor_clamped,
          nicolae_ru_awakened_eye, uniq_pikel, uniq_blork_the_orc

Skill      XL: |  1  2  3  4  5  6  7  8 |
---------------+-------------------------+-----
Dodging        | 3 4 5 6 |  6.0
Fighting       | 4 |  4.8
Axes           | 3 4 5 |  5.8
Shields        | 1 |  1.8
Invocations    | 3 4 |  4.3
Evocations     | 1 |  1.1
Throwing       | |  0.7
Stealth        | |  0.8

Action                   |  1- 3 |  4- 6 |  7- 9 || total
-------------------------+-------+-------+-------++-------
Melee: Hand axe          |   122 |   119 |       ||   241
       Tailslap          |     9 |    18 |    27 ||    54
       War axe           |       |    36 |   309 ||   345
Throw: Boomerang         |       |       |     4 ||     4
Invok: Depart the Abyss  |     1 |       |       ||     1
       Banish            |       |       |     2 ||     2
 Abil: Breathe Lightning |       |       |    18 ||    18
Evoke: Wand              |       |       |     6 ||     6
  Use: Scroll            |     8 |     4 |     4 ||    16
       Potion            |     1 |     7 |     3 ||    11
  Eat: Chunk             |     2 |     6 |     8 ||    16
       Ration            |       |       |     2 ||     2
Armor: Skin              |    43 |    75 |   194 ||   312
Dodge: Dodged            |   106 |   113 |   206 ||   425
Block: Buckler           |    24 |    33 |    38 ||    95

Table legend:
 A = Non-vault XP
 B = Vault XP
 C = Vault XP percentage of total XP
 D = Non-vault monster count
 E = Vault monster count
 F = Vault count percentage of total count
                 A         B        C        D         E       F
            +---------+---------+-------+---------+---------+-------
      Total |    1562 |     315 |  16.8 |     125 |      14 |  10.1
            +---------+---------+-------+---------+---------+-------
        D:1 |      55 |       8 |  12.7 |      27 |       3 |  10.0
        D:2 |      90 |       0 |   0.0 |      18 |       0 |   0.0
        D:3 |     122 |     208 |  63.0 |      35 |       1 |   2.8
        D:4 |     778 |      46 |   5.6 |      26 |       1 |   3.7
        D:5 |     517 |      53 |   9.3 |      19 |       9 |  32.1
            +---------+---------+-------+---------+---------+-------
